Map: Lerilak Crest

Players

LilDicky

  • Race: Terran Terran
  • League: Platinum

poltergeist - Winner!

  • Race: Zerg Zerg
  • League: Platinum

VOD

http://www.twitch.tv/tumescentpie

Description

Time

  • Played on: Nov. 20, 2015, 10:47 a.m.
  • Length: 18:24
Show
View Real Time Build Order
Export as new Build Order

LilDicky Terran 

Build Orders: Command Center First (CC) 

Get SALT Encoding   

  12  0:01  SCV  
  13  0:13  SCV  
  14  0:17  Supply Depot  
  14  0:25  SCV  
  15  0:39  SCV  
  16  0:51  SCV  
  17  1:05  SCV  
  17  1:07  Command Center  
  18  1:17  Barracks  
  18  1:20  SCV  
  19  1:32  SCV  
  20  1:48  SCV  
  21  1:56  Command Center  
  21  2:03  SCV  
  21  2:04  Marine  
  23  2:08  Supply Depot  
  23  2:18  Orbital Command  
  23  2:31  Orbital Command  
  23  2:32  Bunker  
  23  2:34  Marine  
  23  2:47  SCV  
  24  2:51  Marine  
  24  2:52  Refinery  
  24  2:53  Refinery  
  25  2:59  SCV  
  26  3:06  Supply Depot  
  26  3:07  SCV  
  26  3:11  Orbital Command  
  27  3:21  Marine  
  27  3:22  SCV  
  27  3:23  SCV  
  29  3:34  SCV  
  29  3:39  Marine  
  29  3:40  SCV  
  29  3:41  SCV  
  33  3:46  SCV  
  33  3:47  Refinery  
  34  3:52  SCV, Factory  
  35  3:59  Supply Depot  
  35  4:00  Marine  
  35  4:02  SCV  
  37  4:07  SCV  
  38  4:11  SCV  
  39  4:17  Marine  
  39  4:18  Refinery  
  39  4:35  SCV, Marine  
  39  4:36  SCV  
  39  4:37  SCV, Factory Tech Lab  
  43  4:39  Starport  
  43  4:44  Starport  
  43  4:45  Starport  
  43  4:47  SCV  
  44  4:53  Marine  
  45  5:01  SCV x3  
  48  5:13  SCV  
  49  5:16  Widow Mine  
  49  5:17  Starport  
  51  5:21  Supply Depot  
  51  5:23  Starport Tech Lab x2  
  51  5:25  Marine  
  51  5:37  SCV  
  51  5:41  Banshee  
  55  5:43  SCV, Marine  
  55  5:48  Supply Depot  
  58  5:57  SCV  
  58  6:04  Marine  
  58  6:07  Banshee x2  
  58  6:08  Cloaking Field  
  58  6:09  Widow Mine, Starport Tech Lab  
  58  6:10  SCV x2  
  69  6:19  Command Center, Engineering Bay  
  69  6:23  Banshee  
  70  6:38  Widow Mine  
  70  6:39  Supply Depot  
  72  6:41  Supply Depot  
  72  6:42  Supply Depot  
  72  6:43  Banshee  
  74  6:50  Banshee x2  
  80  6:54  Missile Turret  
  80  6:56  Missile Turret  
  80  6:59  SCV, Fusion Core  
  81  7:04  SCV  
  81  7:06  Banshee  
  85  7:15  SCV  
  86  7:17  Missile Turret  
  86  7:19  Missile Turret  
  86  7:23  Orbital Command  
  86  7:26  Banshee  
  89  7:32  Missile Turret  
  89  7:33  Banshee x2  
  89  7:34  Missile Turret  
  95  7:37  Missile Turret  
  95  7:49  Banshee  
  89  8:09  Banshee  
  92  8:15  Liberator  
  92  8:16  Banshee x2  
  89  8:51  Banshee  
  92  8:58  Banshee  
  92  8:59  Banshee, Planetary Fortress  
  98  9:06  Command Center  
  98  9:08  Missile Turret  
  98  9:09  SCV x3  
  101  9:11  Refinery  
  101  9:12  Refinery  
  101  9:16  Banshee  
  104  9:18  Command Center  
  104  9:34  Banshee  
  107  9:42  Battlecruiser  
  107  9:47  Viking  
  107  9:48  SCV  
  107  9:49  SCV  
  111  9:59  Viking  
  113  10:10  Hi-Sec Auto Tracking  
  113  10:15  Armory x2  
  113  10:17  Viking x2  
  117  10:28  Supply Depot, Viking  
  117  10:33  Liberator  
  118  10:44  Planetary Fortress  
  118  10:46  Viking  
  120  10:53  Advanced Ballistics  
  90  11:52  Battlecruiser, Viking  
  90  11:53  Battlecruiser x2  
  98  12:12  SCV x3, Missile Turret  
  101  12:16  Hellion  
  101  12:17  Command Center  
  101  12:22  Viking  
  105  12:28  Missile Turret  
  105  12:29  Missile Turret  
  105  12:39  Liberator, Terran Ship Weapons Level 1  
  105  12:40  Liberator x2  
  105  12:43  Terran Vehicle And Ship Armor Level 1  
  103  12:52  Viking  
  103  12:55  Missile Turret  
  103  12:57  Missile Turret  
  111  13:07  Missile Turret  
  111  13:10  Missile Turret  
  111  13:18  Widow Mine  
  103  13:59  Viking  
  103  14:00  Battlecruiser  
  103  14:01  Battlecruiser  
  103  14:02  Viking  
  95  14:12  Liberator  
  95  14:15  Refinery  
  95  14:16  Refinery  
  93  14:19  Missile Turret  
  93  14:21  Missile Turret x2  
  93  14:22  Missile Turret  
  93  14:27  SCV  
  93  14:28  SCV x2  
  99  14:33  Missile Turret x2  
  99  14:34  Missile Turret  
  99  14:36  SCV x2  
  101  14:39  Refinery  
  101  14:41  Missile Turret  
  101  14:46  Terran Ship Weapons Level 2  
  101  14:57  Planetary Fortress  
  101  15:00  SCV x4  
  101  15:01  SCV  
  106  15:09  Battlecruiser  
  106  15:12  SCV  
  108  15:25  SCV x2  
  109  15:35  Battlecruiser x2  
  121  15:53  Missile Turret  
  121  15:54  Corvid Reactor  
  121  15:56  Hyperflight Rotors  
  121  15:58  Banshee  
  124  16:13  Banshee  
  105  16:22  Liberator  
  105  16:24  Liberator  
  93  16:39  Banshee, Liberator  
  99  16:41  SCV x2  
  104  16:55  Command Center  
  104  17:00  Missile Turret  
  107  17:02  Factory Reactor  
  107  17:03  SCV  
  108  17:09  Liberator  
  108  17:15  SCV  
  109  17:20  Supply Depot, Missile Turret  
  109  17:21  Supply Depot  
  109  17:22  Factory  
  109  17:23  Supply Depot  
  109  17:25  Factory  
Show
View Real Time Build Order
Export as new Build Order

poltergeist Zerg - Winner!

Build Orders: Hatch First 

Get SALT Encoding   

  12  0:01  Drone  
  13  0:12  Overlord  
  13  0:18  Drone  
  14  0:30  Drone x2  
  17  0:35  Drone  
  17  0:55  Hatchery  
  17  0:56  Drone  
  17  0:58  Drone  
  18  1:13  Extractor  
  18  1:15  Spawning Pool  
  18  1:17  Drone  
  17  1:21  Drone  
  18  1:28  Drone  
  19  1:39  Overlord  
  19  2:03  Queen  
  19  2:04  Zergling x4  
  19  2:07  Queen  
  26  2:08  Zergling x2  
  26  2:12  Drone  
  26  2:13  Metabolic Boost  
  27  2:19  Drone  
  28  2:39  Queen  
  28  2:42  Drone, Overlord  
  31  2:45  Drone x2  
  31  2:46  Drone  
  34  3:00  Drone x2  
  36  3:20  Hatchery  
  36  3:23  Drone  
  36  3:24  Drone x6  
  42  3:30  Lair  
  42  3:35  Drone, Extractor  
  42  3:38  Overlord  
  42  4:00  Drone x3  
  45  4:09  Roach Warren  
  44  4:13  Spine Crawler  
  44  4:14  Spine Crawler  
  44  4:16  Drone x3  
  46  4:17  Drone x4  
  46  4:20  Extractor  
  46  4:22  Extractor  
  46  4:24  Overlord  
  46  4:34  Zergling x14  
  46  4:36  Queen  
  55  4:47  Drone x2, Hydralisk Den  
  55  4:48  Evolution Chamber, Zergling x2  
  56  4:53  Zergling x2  
  57  5:12  Overlord  
  57  5:13  Drone  
  57  5:14  Drone x8  
  66  5:30  Drone x3  
  66  5:31  Drone x3  
  66  5:33  Zerg Missile Weapons Level 1  
  66  5:34  Muscular Augments  
  72  5:36  Lair  
  72  5:42  Roach  
  74  5:44  Overlord x2  
  74  5:55  Overlord  
  74  5:58  Glial Reconstitution  
  73  6:17  Overlord  
  73  6:19  Hydralisk x6  
  73  6:20  Hydralisk x4  
  93  6:30  Extractor  
  93  6:31  Drone x4  
  93  6:32  Drone  
  97  6:33  Overlord x2  
  97  6:36  Pneumatized Carapace  
  97  6:37  Overlord, Extractor  
  96  6:50  Drone x3  
  96  6:52  Lurker Den  
  99  6:56  Roach x3  
  99  6:57  Roach x3  
  111  7:20  Infestation Pit  
  111  7:22  Hatchery, Drone  
  110  7:24  Evolution Chamber  
  110  7:25  Drone x4  
  110  7:26  Drone x4  
  117  7:33  Overseer  
  117  7:34  Overseer  
  111  7:53  Spore Crawler  
  94  8:06  Hydralisk  
  94  8:07  Hydralisk x16  
  123  8:14  Spore Crawler x2  
  123  8:18  Spore Crawler  
  118  8:20  Spore Crawler  
  118  8:24  Zerg Missile Weapons Level 2  
  101  8:40  Hydralisk x5  
  103  8:44  Overlord x2  
  103  8:45  Drone x2  
  103  8:46  Drone  
  104  9:04  Spore Crawler  
  104  9:06  Spore Crawler x2  
  104  9:09  Spire  
  101  9:17  Drone  
  101  9:18  Spore Crawler  
  100  9:24  Queen, Extractor  
  100  9:26  Hydralisk x2  
  100  9:27  Hydralisk  
  100  9:47  Overlord  
  100  9:48  Drone x4  
  100  9:49  Drone x5  
  109  9:54  Spore Crawler  
  109  9:57  Overseer  
  108  10:02  Zerg Ground Armor Level 1  
  108  10:07  Extractor  
  107  10:22  Drone x3  
  107  10:24  Mutalisk x4  
  107  10:25  Mutalisk  
  120  10:36  Drone x4  
  120  10:39  Drone x3  
  120  10:40  Spore Crawler  
  126  10:44  Zergling x6  
  126  10:45  Zergling x2  
  130  10:52  Mutalisk x2  
  132  11:12  Mutalisk  
  132  11:13  Mutalisk x7  
  109  11:47  Queen  
  109  11:48  Mutalisk x5  
  110  12:25  Zerg Flyer Weapons Level 1  
  110  12:35  Spore Crawler x2  
  108  12:37  Hatchery  
  105  12:55  Mutalisk x10  
  125  13:07  Mutalisk x2  
  129  13:16  Overlord x4  
  127  13:33  Mutalisk x2  
  129  13:40  Extractor  
  128  13:46  Extractor  
  118  14:00  Mutalisk x3, Hydralisk x3  
  118  14:01  Mutalisk, Hydralisk x3  
  134  14:45  Drone x3  
  136  14:46  Drone x3  
  136  14:47  Drone x6  
  146  14:53  Hatchery  
  141  15:19  Mutalisk x2  
  141  15:20  Mutalisk x8  
  150  15:30  Overlord x2  
  150  15:31  Mutalisk  
  147  15:39  Overlord x6  
  147  15:54  Hatchery  
  146  16:01  Hydralisk x5  
  146  16:02  Roach x4  
  164  16:14  Hatchery  
  135  16:22  Mutalisk  
  135  16:23  Mutalisk x8  
  151  16:28  Queen  
  153  16:35  Mutalisk  
  153  16:36  Mutalisk  
  153  16:38  Overlord  
  153  16:39  Overlord x2  
  155  16:48  Drone  
  155  16:49  Drone x2  
  158  16:58  Extractor  
  158  17:01  Extractor  
  156  17:03  Mutalisk x4  
  164  17:18  Extractor  
  164  17:20  Corruptor x3  
  169  17:23  Extractor  
  168  17:44  Mutalisk  
  168  17:45  Mutalisk x2, Extractor x2  
Tags
 
Add a new tag
Caveats
  • Supply blocks, unpowered buildings, or Contaminate may cause inaccurate times.
  • Supply counts are checked every 10 seconds.